 Dungeon Crawl Stone Soup version 0.30.1-9-gdf580d7c3d (webtiles) character file.

Game seed: 4400644745343183141

129005 LynnLen the Bewitcher (level 16, -1/84 HPs)
             Began as a Spriggan Enchanter on Oct 7, 2023.
             Was the Champion of Dithmenos.
             Slain by a spriggan rider
             ... wielding a +0 spear
              (25 damage)
             ... on level 1 of the Swamp.
             The game lasted 02:29:37 (48679 turns).

LynnLen the Bewitcher (Spriggan Enchanter)         Turns: 48679, Time: 02:29:37

Health: -1/84      AC:  4    Str:  7      XL:     16   Next: 49%
Magic:  24/33      EV: 30    Int: 22 (23) God:    Dithmenos [******]
Gold:   582        SH:  9    Dex: 23      Spells: 11/39 levels left

rFire   . . .        v - +5 dagger (venom)
rCold   . . .        w - +2 buckler
rNeg    . . .        Z - +2 robe {Will+}
rPois   +            D - +0 hat
rElec   .            n - scarf "Cotij" {shadows, Rampage}
rCorr   +            (gloves unavailable)
SInv    +            (boots unavailable)
Will    +++..        q - amulet of regeneration Stlth ****++++++
                     a - ring "Pabinliu" {rCorr Str+3 Dex+6 Slay+3}
HPRegen 1.14/turn    P - ring of poison resistance
MPRegen 0.23/turn

%: rampage
@: wreathed by umbra, studying 3 skills, very quick
A: very small, no large weapons, unfitting armour, see invisible, speed 3,
hooves 1, camouflage 1, sense surroundings 1
a: Renounce Religion, Shadow Step, Shadow Form


You were on level 1 of the Swamp.
You worshipped Dithmenos.
Dithmenos was exalted by your worship.
You visited 6 branches of the dungeon, and saw 25 of its levels.

You collected 3821 gold pieces.
You spent 3239 gold pieces at shops.

Inventory:

Hand Weapons
 v - a +5 dagger of venom (weapon)
Missiles
 i - 16 poisoned darts
 O - 6 curare-tipped darts
 R - 3 throwing nets
Armour
 n - the scarf "Cotij" (worn) {shadows, Rampage}
   (You bought it in a shop on level 7 of the Dungeon)

   Rampage:   It bestows one free step when moving towards enemies.
 w - a +2 buckler (worn)
 y - +1 steam dragon scales
 D - a +0 hat (worn)
 M - a +2 robe of resistance
 W - a +0 cloak
 Z - a +2 robe of willpower (worn)
Jewellery
 a - the ring "Pabinliu" (left hand) {rCorr Str+3 Dex+6 Slay+3}
   (You found it on level 13 of the Dungeon)

   [ring of dexterity]

   Str:       It affects your strength (+3).
   Dex:       It affects your dexterity (+6).
   Slay:      It affects your accuracy & damage with ranged weapons and melee
   (+3).
   rCorr:     It protects you from acid and corrosion.
 q - an amulet of regeneration (around neck)
 x - a ring of wizardry
 H - a ring of flight
 J - an amulet of faith
 P - a ring of poison resistance (right hand)
 U - a +6 ring of dexterity
 Y - a +6 ring of dexterity
Wands
 b - a wand of light (20)
 u - a wand of polymorph (17)
 z - a wand of roots (5)
 K - a wand of flame (34)
 L - a wand of mindburst (30)
Scrolls
 e - 5 scrolls of blinking
 k - 5 scrolls of fear
 m - 11 scrolls of teleportation
 r - 6 scrolls of fog
 s - 3 scrolls of poison
 t - 5 scrolls of amnesia
 C - 5 scrolls of butterflies
 E - 3 scrolls of brand weapon
 F - 2 scrolls of torment
 N - a scroll of magic mapping
 Q - 3 scrolls of identify
 T - 3 scrolls of immolation
 V - a scroll of vulnerability
Potions
 c - 5 potions of invisibility
 d - 4 potions of attraction
 f - a potion of heal wounds
 g - 13 potions of curing
 h - 6 potions of mutation
 j - 4 potions of brilliance
 l - 9 potions of might
 o - 6 potions of haste
 p - a potion of lignification
 A - 2 potions of flight
 B - 5 potions of cancellation
 I - 3 potions of resistance
Miscellaneous
 G - a lightning rod (4/4)
 X - a phial of floods


   Skills:
 * Level 9.3 Fighting
 - Level 14.0 Short Blades
 - Level 6.0 Throwing
 + Level 13.3 Dodging
 + Level 15.8 Stealth
 - Level 6.0 Shields
 + Level 12.4 Spellcasting
 - Level 2.4 Conjurations
 + Level 16.2 Hexes
 - Level 4.8 Air Magic
 + Level 2.3 Poison Magic
 + Level 6.0 Invocations
 + Level 8.2 Evocations


You had 11 spell levels left.
You knew the following spells:

 Your Spells              Type           Power      Damage    Failure   Level
a - Ensorcelled Hibernat  Hex/Ice        98%        N/A       1%          2
b - Confusing Touch       Hex            71%        N/A       1%          3
c - Tukima's Dance        Hex            71%        N/A       1%          3
d - Inner Flame           Hex/Fire       49%        N/A       1%          3
e - Shock                 Conj/Air       100%       1d9       1%          1
f - Airstrike             Air            17%        2d(3-19)  10%         4
g - Discord               Hex            35%        N/A       52%         8
h - Olgreb's Toxic Radia  Pois           24%        N/A       26%         4

Your spell library contained the following spells:

 Spells                   Type           Power      Damage    Failure   Level
 Dazzling Flash           Conj/Hex       100%       N/A       1%          3
 Portal Projectile        Hex/Tloc       98%        N/A       1%          3
 Leda's Liquefaction      Hex/Erth       24%        N/A       2%          4
 Swiftness                Air            35%        N/A       3%          3
 Beastly Appendage        Tmut           26%        N/A       7%          1
 Passwall                 Tmut/Erth      10%        N/A       11%         2
 Wereblood                Tmut           13%        N/A       11%         2
 Spider Form              Tmut/Pois      18%        N/A       13%         3
 Ignite Poison            Fire/Tmut/Pois 17%        N/A       16%         3
 Call Canine Familiar     Summ           13%        N/A       22%         3
 Flame Wave               Conj/Fire      19%        2d7       41%         4
 Sticky Flame             Conj/Fire      19%        2d4       41%         4
 Alistair's Intoxication  Tmut/Pois      12%        N/A       77%         5
 Blade Hands              Tmut           6%         N/A       89%         5
 Borgnjor's Vile Clutch   Necr/Erth      6%         N/A       89%         5
 Lee's Rapid Deconstruct  Erth           6%         3d6*      89%         5
 Eringya's Noxious Bog    Tmut/Pois      9%         N/A       100%        6
 Statue Form              Tmut/Erth      8%         N/A       100%        6
 Ignition                 Fire           6%         3d4       100%        8


Dungeon Overview and Level Annotations

Branches:
Dungeon (15/15)            Temple (1/1) D:6            Lair (5/5) D:8
  Swamp (1/4) Lair:2       Spider (0/4) Lair:2        Slime (0/5) Lair:4
    Orc (2/2) D:9             Elf (1/3) Orc:2        Vaults (0/5) D:13
 Depths (0/4) D:15

Altars:
Ashenzari
Cheibriados
Dithmenos
Elyvilon
Fedhas
Gozag
Hepliaklqana
Kikubaaqudgha
Makhleb
Nemelex Xobeh
Okawaru
Qazlal
Ru
Sif Muna
Trog
Uskayaw
Vehumet
Wu Jian
Xom
Yredelemnul
Zin
The Shining One
Jiyva

Shops:
D:7 [   Orc:1 [   Orc:2 ?*(=*

Annotations:
Lair:5 exclusion: obsidian statue
Swamp:1 2 transporters, 2 runed translucent doors, exclusion: obsidian statue, CareLess's ghost, journeyman MiBe
Orc:2 3 runed translucent doors, Drunn's ghost, journeyman DsEE; MrPagan1517's ghost, journeyman HOFi; boopmooplesden's ghost, journeyman MiFi


Innate Abilities, Weirdness & Mutations

You are very small and have problems with some larger weapons.
You are too small for most types of armour.
You have supernaturally acute eyesight. (SInv)
You cover ground extremely quickly. (Speed+++)
You have large cloven feet.
Your skin changes colour to match your surroundings (Stealth+).
You passively map a small area around you.


Message History

The spriggan completely misses you.
The spriggan rider completely misses you.
The spriggan druid calls out to the beasts of the wild!
The swamp worm fires a harpoon shot at you.
You block the harpoon shot. You block the spriggan rider's attack.
You feel much better. The spriggan closely misses you.
The spriggan druid gestures wildly while chanting.
The forest starts to sway and rumble!
The spriggan rider hits you from afar with a +0 spear!!
You block the spriggan's attack.
The spriggan rider hits you from afar with a +0 spear!
Unknown command.
You feel roots moving beneath the ground.
A root smacks you from below!
* * * LOW HITPOINT WARNING * * *
You see here the +6 leather armour of the Untouchables {SInv}.
The swamp worm fires a harpoon shot at you.
You block the harpoon shot.
You feel roots moving beneath the ground.
Aiming: Ensorcelled Hibernation (safe; 1% risk of failure)
Press: ? - help, Q - select action, (/) - cycle Shift-Dir - straight line, f - swamp worm
Aim: a swamp worm (black smoke, umbra, chance to affect: 78%)
The swamp worm looks drowsy...
Unknown command.
Tree limbs sway around you.
There is a transporter landing site here.
Aiming: Airstrike (dangerous; 10% risk of failure)
Press: ? - help, Q - select action, (/) - cycle Dir - move target, f/p - swamp worm
Aim: a swamp worm (black smoke, asleep, umbra, empty space bonus: 3/8)
The air twists around and strikes the swamp worm.
The swamp worm is lightly wounded.
Unknown command.
Aiming: Airstrike (dangerous; 10% risk of failure)
Press: ? - help, Q - select action, (/) - cycle Dir - move target, f - spriggan rider, p - swamp worm
Aim: a spriggan rider, wielding a +0 spear (umbra, empty space bonus: 4/8)
The air twists around and strikes the spriggan rider!
The spriggan rider is lightly wounded.
The trees move their gnarly branches around.
The spriggan rider hits you from afar with a +0 spear!!
You die...

~~§§~~~~.>.#n.#f©.#..#... ~ ,
...~~~~~...#.#....f#.#.~~... ,
♣♣♣~.~~~~..#....8....#.§~.~ ~
,~ . ♣♣..~~.~.#.#.....#.#.~~~~,
. ~♣*♣.~~~~~.#f.#...#n.#.... .
~.♣♣.~~~.~.#..$"n[HX.#.~♣♣♣♣♣ ~
~..~.~~~.~.##8)=fif8##i♣§§.~♣
~~..~~~.~~..#########w[§§§§.♣
~.~.~~..~~~.....@.i..i♣iii~.♣♣
§♣..~~.~~....♣~...i...~♣.~§§.♣
*
~..~~~§~~~....♣.~.~♣♣♣♣♣.§~~.♣♣
~~.~~..~~~....♣..~♣♣ ♣♣~~~..~♣
~~..~~.......~♣♣♣♣♣ ♣♣♣~.~~~.♣♣
~~...§~..♣~...~♣ ♣.♣..~~..♣
~.......~....~##### #~~~~~).♣♣
......~♣♣♣~♣♣~##.≈###~~~§~.♣♣
~~..♣♣♣♣♣.~~..#?.#.##~~~~.♣♣


You could see 2 ghouls, a tentacled monstrosity, a thorn hunter, 2 shambling
mangroves, an obsidian statue, a fenstrider witch, 2 spriggan riders, a spriggan
berserker, a spriggan druid, a swamp worm and a spriggan.

Vanquished Creatures
  An azure jelly (Lair:4)
  An ironbound preserver (D:13)
  Nessos (D:12)
  4 dire elephants (Lair:5)
  The ghost of riellis1 the Thaumaturge, a journeyman FoVM of Sif Muna (Lair:1)
  Azrael (D:12)
  An eleionoma (Swamp:1)
  The ghost of Qejeo the Severer, a journeyman MiBe of Trog (D:14)
  The ghost of Firil the Destroyer, a journeyman OpFE of Vehumet (Lair:1)
  The ghost of Qouresk the Spear-Bearer, a journeyman MfSu of Ashenzari (Lair:1)
  Harold (D:9)
  A rakshasa (D:15)
  10 hydras
  3 alligators (Swamp:1)
  5 boulder beetles
  An ogre mage (D:15)
  A death knight (D:12)
  2 catoblepae
  The ghost of Virecef the Nimble, a journeyman SpRe of Sif Muna (D:13)
  3 centaur warriors
  7 two-headed ogres
  Erica (D:9)
  9 death yaks
  A tengu warrior (D:14)
  A spectral dire elephant (Lair:5)
  Nergalle (D:11)
  2 orc high priests (Orc:2)
  2 skysharks (Lair:5)
  A spectral death yak (Lair:5)
  8 skeletal warriors
  2 goliath frogs (Swamp:1)
  The ghost of laqueoix the Thaumaturge, a novice DECj (D:9)
  A spriggan druid (Swamp:1)
  A spectral anaconda (Lair:5)
  2 swamp dragons (Swamp:1)
  A bog body (Swamp:1)
  5 orc knights
  4 necromancers (Lair:5)
  2 wizards
  4 deep elf pyromancers
  6 deep elf zephyrmancers (Orc:2)
  The ghost of GrumpyGrim72 the Destroyer, a novice DrCj (D:7)
  12 ugly things
  An oklob plant (D:7)
  8 manticores
  7 cyclopes
  4 orc sorcerers
  20 elephants
  A dire elephant zombie (Lair:5)
  Maurice (D:12)
  5 black mambas
  A torpor snail (Lair:5)
  12 cane toads
  2 freezing wraiths
  A dire elephant skeleton (Lair:5)
  4 rime drakes
  12 komodo dragons
  3 unseen horrors
  3 tengu conjurers
  A komodo dragon (shapeshifter) (D:15)
  5 polar bears
  4 meliai
  10 trolls
  A tyrant leech (Swamp:1)
  21 blink frogs
  2 spectral elephants (Lair:5)
  6 hornets
  2 dream sheep (Lair:5)
  Eustachio (D:4)
  Sigmund (D:3)
  A shadow (D:13)
  6 slime creatures
  4 spriggans (Swamp:1)
  7 wraiths
  3 wyverns
  48 yaks
  4 fire bats (Lair:5)
  A water elemental (D:14)
  A dire elephant simulacrum (Lair:5)
  A fire elemental (D:12)
  3 basilisks
  A redback (Lair:2)
  4 steam dragons
  3 neqoxecs (D:13)
  3 vampire mosquitoes
  A warg (Orc:2)
  2 swamp worms (Swamp:1)
  4 acid dragons
  11 water moccasins
  4 hell hounds (D:12)
  2 swamp drakes
  5 ice beasts
  A black bear (Lair:1)
  4 sky beasts
  18 orc warriors
  2 elephant zombies (Lair:5)
  8 ogres
  6 centaurs
  An elephant skeleton (Lair:5)
  Blork the orc (D:6)
  2 kobold brigands
  9 bullfrogs
  A gnoll sergeant (D:5)
  3 scorpions
  3 cane toad simulacra (Lair:5)
  3 wights
  An elephant simulacrum (Lair:5)
  11 killer bees
  6 howler monkeys
  8 jellies
  3 quasits (D:13)
  A gnoll bouda (D:5)
  16 orc priests
  2 hounds
  4 iguanas
  2 sleepcaps
  30 orc wizards
  Robin (D:2)
  4 gnolls
  7 adders
  3 white imps
  3 dart slugs
  72 orcs
  5 ball pythons
  6 endoplasms
  A giant cockroach (D:1)
  7 hobgoblins
  19 kobolds
  3 quokkas
  6 bats
  5 frilled lizards
  11 goblins
  5 rats
678 creatures vanquished.

Vanquished Creatures (collateral kills)
  A fire giant (D:15)
  A centaur warrior (D:12)
  2 two-headed ogres (D:15)
  An orc high priest (Orc:2)
  A warg (Orc:2)
  5 orc warriors
  2 centaurs (D:13)
  6 ogres
  2 gnoll sergeants
  4 wights
  An orc priest (D:8)
  An orc wizard (Orc:2)
  5 gnolls (D:12)
  15 orcs
47 creatures vanquished.

Vanquished Creatures (others)
  A bloated husk (Swamp:1)
  10 dancing weapons
  An orc priest (Orc:2)
12 creatures vanquished.

Grand Total: 737 creatures vanquished

Notes
Turn   | Place    | Note
-------+----------+-------------------------------------------
     0 | D:1      | LynnLen the Spriggan Enchanter began the quest for the Orb.
     0 | D:1      | Reached XP level 1. HP: 9/9 MP: 5/5
    55 | D:1      | Found Gitzun Huts's Vocational Training.
   833 | D:1      | Reached XP level 2. HP: 13/13 MP: 6/6
   866 | D:1      | Learned a level 2 spell: Ensorcelled Hibernation
  1670 | D:2      | Reached skill level 4 in Hexes
  1840 | D:2      | Reached XP level 3. HP: 12/17 MP: 1/8
  2513 | D:2      | Noticed Robin
  2628 | D:2      | Found a broken altar of Ashenzari.
  2735 | D:2      | Killed Robin
  3040 | D:2      | Reached XP level 4. HP: 21/21 MP: 2/9
  3359 | D:3      | Noticed Sigmund
  3371 | D:3      | Learned a level 3 spell: Confusing Touch
  3375 | D:3      | Learned a level 3 spell: Tukima's Dance
  3518 | D:3      | Killed Sigmund
  3519 | D:3      | Reached skill level 1 in Fighting
  3519 | D:3      | Reached skill level 5 in Stealth
  3519 | D:3      | Reached skill level 5 in Hexes
  3519 | D:3      | Reached XP level 5. HP: 18/25 MP: 4/11
  3756 | D:3      | Found a faded altar of an unknown god.
  3825 | D:3      | Reached XP level 6. HP: 30/30 MP: 12/12
  5042 | D:4      | Noticed Eustachio
  5461 | D:4      | Killed Eustachio
  5462 | D:4      | Reached skill level 1 in Throwing
  5468 | D:4      | Reached XP level 7. HP: 30/34 MP: 2/14
  6237 | D:4      | Found a sacrificial altar of Ru.
  6386 | D:5      | Entered Level 5 of the Dungeon
  6738 | D:5      | Reached skill level 6 in Hexes
  7212 | D:5      | Reached skill level 5 in Short Blades
  7212 | D:5      | Reached XP level 8. HP: 31/39 MP: 6/15
  7284 | D:5      | Reached skill level 5 in Dodging
  7302 | D:5      | Noticed a hornet
  7314 | D:5      | Killed a hornet
  7315 | D:5      | Reached skill level 5 in Spellcasting
  7315 | D:5      | Reached skill level 7 in Hexes
  7569 | D:5      | Reached skill level 1 in Shields
  7587 | D:5      | Found Deppem's Magic Scroll Emporium.
  7590 | D:5      | Bought a scroll of identify for 30 gold pieces
  7590 | D:5      | Bought a scroll of identify for 30 gold pieces
  7590 | D:5      | Bought a scroll of identify for 30 gold pieces
  7590 | D:5      | Bought a scroll of identify for 30 gold pieces
  8004 | D:6      | Noticed Blork the orc
  8024 | D:6      | Killed Blork the orc
  8025 | D:6      | Reached XP level 9. HP: 26/41 MP: 6/18
  8404 | D:6      | Found a staircase to the Ecumenical Temple.
  8571 | D:6      | Reached skill level 8 in Hexes
  8729 | Temple   | Entered the Ecumenical Temple
  8986 | Temple   | Became a worshipper of Dithmenos the Shadowed
  9858 | D:7      | Noticed an oklob plant
  9868 | D:7      | Found Buteolag's Antique Armour Boutique.
  9876 | D:7      | Found a transporter.
  9892 | D:7      | Noticed GrumpyGrim72's ghost (novice DrCj)
  9969 | D:7      | Found a transporter.
 10327 | D:7      | Identified the orb of the Realm of Zot {light, rN+ Will++}
 10349 | D:7      | Reached * piety under Dithmenos
 10373 | D:7      | Reached XP level 10. HP: 41/49 MP: 15/20
 10637 | D:7      | Noticed a manticore
 10829 | D:8      | Reached skill level 9 in Hexes
 11172 | D:8      | Identified a scroll of acquirement
 11401 | D:8      | Reached ** piety under Dithmenos
 11823 | D:8      | Found a staircase to the Lair.
 11831 | D:8      | Noticed a two-headed ogre
 11833 | D:8      | Killed a two-headed ogre
 12175 | D:8      | Acquired 1011 gold pieces
 12274 | Lair:1   | Entered Level 1 of the Lair of Beasts
 12342 | D:8      | Reached skill level 10 in Hexes
 12383 | Lair:1   | Reached XP level 11. HP: 54/54 MP: 18/22
 12556 | D:7      | Bought a faintly humming scarf for 290 gold pieces
 12556 | D:7      | Identified the scarf "Cotij" {shadows, Rampage} (You bought
                  | it in a shop on level 7 of the Dungeon)
 12556 | D:7      | Bought a hat for 116 gold pieces
 12791 | Lair:1   | Identified the +0 hand axe of Inquiry {heavy, rElec rCorr
                  | MP-9}
 12851 | Lair:1   | Found a runed translucent gate.
 12852 | Lair:1   | Found a runed translucent gate.
 12852 | Lair:1   | Found a runed translucent gate.
 12853 | Lair:1   | Noticed riellis1's ghost (journeyman FoVM)
 12853 | Lair:1   | Noticed Firil's ghost (journeyman OpFE)
 12860 | Lair:1   | Noticed Qouresk's ghost (journeyman MfSu)
 12873 | Lair:1   | Reached skill level 5 in Throwing
 13027 | Lair:1   | Noticed a catoblepas
 13073 | Lair:1   | Learned a level 3 spell: Inner Flame
 13080 | Lair:1   | Learned a level 1 spell: Shock
 13336 | Lair:1   | Reached *** piety under Dithmenos
 13337 | Lair:1   | Reached skill level 10 in Stealth
 13533 | Lair:1   | Killed a catoblepas
 14831 | Lair:2   | Found a hole to the Spider Nest.
 15205 | Lair:2   | Found a staircase to the Swamp.
 15748 | Lair:3   | Reached skill level 11 in Hexes
 15756 | Lair:3   | Reached skill level 5 in Fighting
 16269 | Lair:3   | Reached XP level 12. HP: 60/60 MP: 20/25
 16272 | Lair:3   | Reached skill level 10 in Short Blades
 16503 | Lair:2   | Reached skill level 1 in Air Magic
 17144 | Lair:4   | Noticed a death yak
 17144 | Lair:4   | Noticed a death yak
 17144 | Lair:4   | Noticed a death yak
 17145 | Lair:4   | Killed a death yak
 17146 | Lair:4   | Killed a death yak
 17147 | Lair:4   | Reached skill level 1 in Conjurations
 17189 | Lair:3   | Killed a death yak
 17448 | Lair:4   | Noticed a death yak
 17448 | Lair:4   | Noticed a death yak
 17448 | Lair:4   | Noticed a death yak
 17450 | Lair:4   | Noticed a death yak
 17709 | Lair:4   | You are sucked into a shaft and drop 1 floor!
 17709 | Lair:5   | Entered Level 5 of the Lair of Beasts
 17709 | Lair:5   | Noticed a death yak
 17711 | Lair:5   | Killed a death yak
 17712 | Lair:5   | Reached **** piety under Dithmenos
 17725 | Lair:5   | Noticed a dire elephant
 17847 | Lair:5   | Noticed a boulder beetle
 17855 | Lair:5   | Killed a boulder beetle
 17856 | Lair:5   | Reached skill level 12 in Hexes
 17950 | Lair:5   | Noticed a four-headed hydra
 17961 | Lair:5   | Killed a four-headed hydra
 18398 | Lair:5   | Reached XP level 13. HP: 63/65 MP: 24/27
 18680 | Lair:5   | Learned a level 4 spell: Airstrike
 19242 | Lair:5   | Noticed a dire elephant
 19317 | Lair:5   | Reached skill level 10 in Dodging
 20051 | Lair:4   | Reached skill level 5 in Shields
 20083 | Lair:4   | Reached skill level 13 in Hexes
 20249 | Lair:4   | Reached ***** piety under Dithmenos
 20309 | Lair:4   | Identified the +4 mace "Imoopergh" {freeze, Fly rElec}
 20677 | Lair:4   | Found a runed translucent door.
 20679 | Lair:4   | Noticed an azure jelly
 20680 | Lair:4   | Found a staircase to the Slime Pits.
 23088 | Lair:5   | Killed a dire elephant
 24244 | Lair:5   | Noticed a dire elephant
 24245 | Lair:5   | Noticed a dire elephant
 24632 | Lair:5   | Reached XP level 14. HP: 67/70 MP: 0/28
 26594 | Lair:5   | Reached skill level 10 in Spellcasting
 27624 | Lair:5   | Identified the +8 plate armour of Tedwadum {-Tele Fly
                  | Dex+3}
 28216 | D:9      | Found a staircase to the Orcish Mines.
 28243 | D:9      | Noticed Harold
 28249 | D:9      | Killed Harold
 28250 | D:9      | Reached skill level 14 in Hexes
 28414 | D:9      | Noticed Erica
 28418 | D:9      | Killed Erica
 28438 | D:9      | Found a runed translucent gate.
 28440 | D:9      | Found a runed translucent gate.
 28442 | D:9      | Found a runed translucent gate.
 28443 | D:9      | Noticed laqueoix's ghost (novice DECj)
 28639 | Orc:1    | Entered Level 1 of the Orcish Mines
 28799 | Orc:2    | Entered Level 2 of the Orcish Mines
 28801 | Orc:2    | Found Wuniat's General Store.
 28989 | Orc:2    | Found a runed translucent gate.
 28989 | Orc:2    | Found a runed translucent gate.
 28990 | Orc:2    | Found a runed translucent gate.
 28991 | Orc:2    | Noticed MrPagan1517's ghost (journeyman HOFi)
 28991 | Orc:2    | Noticed Drunn's ghost (journeyman DsEE)
 28991 | Orc:2    | Noticed boopmooplesden's ghost (journeyman MiFi)
 29210 | Orc:2    | Found a staircase to the Elven Halls.
 30151 | Orc:2    | Found Gigec's Magic Scroll Boutique.
 30617 | Orc:2    | Found Paeromui's Antique Weapon Boutique.
 30617 | Orc:2    | Found Upeor's General Store.
 30619 | Orc:2    | Found Hyusue's Assorted Antiques.
 30619 | Orc:2    | Found Leidaj's Jewellery Boutique.
 30790 | Orc:2    | Found Gigec's Magic Scroll Boutique.
 30881 | Orc:2    | Found a staircase to the Elven Halls.
 30935 | Orc:2    | Found Paeromui's Antique Weapon Boutique.
 30937 | Orc:2    | Found Hyusue's Assorted Antiques.
 30937 | Orc:2    | Found Leidaj's Jewellery Boutique.
 30997 | Orc:2    | Found Wuniat's General Store.
 31698 | Orc:1    | Found Podghi Pufe's Armour Boutique.
 32045 | D:1      | Bought a manual of Evocations for 880 gold pieces
 32045 | D:1      | Bought a manual of Invocations for 880 gold pieces
 32164 | D:5      | Bought a scroll of fog for 60 gold pieces
 32164 | D:5      | Bought a scroll of poison for 60 gold pieces
 32164 | D:5      | Bought a scroll of amnesia for 60 gold pieces
 32164 | D:5      | Bought a scroll of butterflies for 60 gold pieces
 32164 | D:5      | Bought a scroll of magic mapping for 112 gold pieces
 32164 | D:5      | Bought a scroll of teleportation for 45 gold pieces
 32164 | D:5      | Bought a scroll of immolation for 60 gold pieces
 32164 | D:5      | Bought a scroll of torment for 142 gold pieces
 32257 | D:10     | Entered Level 10 of the Dungeon
 33340 | D:11     | Noticed Nergalle
 33347 | D:11     | Killed Nergalle
 33423 | D:11     | Found a frozen archway.
 33891 | D:12     | Noticed Nessos
 33894 | D:12     | Killed Nessos
 33931 | D:12     | Noticed Azrael
 34099 | D:12     | Noticed Maurice
 34102 | D:12     | Killed Maurice
 34321 | D:12     | Reached ****** piety under Dithmenos
 34515 | D:12     | Reached XP level 15. HP: 45/75 MP: 22/30
 34612 | D:12     | Reached skill level 15 in Hexes
 34904 | D:12     | Killed Azrael
 35593 | D:12     | Learned a level 8 spell: Discord
 36125 | D:13     | Noticed Virecef's ghost (journeyman SpRe)
 36559 | D:13     | Reached skill level 1 in Evocations
 36601 | D:13     | Found a gate to the Vaults.
 36607 | D:13     | Reached skill level 1 in Invocations
 36706 | D:13     | Found a radiant altar of Vehumet.
 36987 | D:13     | Found a transporter.
 37334 | D:13     | Found a transporter.
 37703 | D:14     | Found a runed translucent gate.
 37703 | D:14     | Found a runed translucent gate.
 38269 | D:14     | You fall into a shaft and drop 1 floor!
 38269 | D:15     | Entered Level 15 of the Dungeon
 38697 | D:14     | Noticed Qejeo's ghost (journeyman MiBe)
 38698 | D:14     | Found a runed translucent gate.
 39311 | D:14     | Killed Qejeo's ghost
 40310 | D:15     | Reached skill level 5 in Evocations
 40321 | D:15     | Reached skill level 15 in Stealth
 41434 | D:15     | Noticed a fire giant
 41546 | D:15     | Found a staircase to the Depths.
 41785 | D:15     | Reached XP level 16. HP: 82/82 MP: 27/32
 42218 | D:15     | Found a staircase to the Depths.
 42794 | D:15     | Learned a level 4 spell: Olgreb's Toxic Radiance
 42966 | Elf:1    | Entered Level 1 of the Elven Halls
 42992 | Orc:2    | Reached skill level 16 in Hexes
 43227 | Orc:2    | Reached skill level 5 in Invocations
 43365 | D:7      | Killed GrumpyGrim72's ghost
 43408 | D:7      | Reached skill level 1 in Poison Magic
 43797 | D:9      | Killed laqueoix's ghost
 43801 | D:9      | Found a viscous altar of Jiyva.
 43984 | D:13     | Gained mutation: You are frail. (-10% HP) [a neqoxec]
 44009 | D:13     | Gained mutation: Armour fits poorly on your strangely
                  | shaped body. [a neqoxec]
 44012 | D:13     | Gained mutation: You are dopey. (Int -2) [a neqoxec]
 44036 | D:13     | Killed Virecef's ghost
 44080 | D:13     | Identified the ring "Pabinliu" {rCorr Str+3 Dex+6 Slay+3}
 44108 | D:13     | Lost mutation: Armour fits poorly on your strangely shaped
                  | body. [potion of mutation]
 44108 | D:13     | Lost mutation: You are dopey. (Int -2) [potion of mutation]
 44108 | D:13     | Lost mutation: You are frail. (-10% HP) [potion of
                  | mutation]
 44108 | D:13     | Gained mutation: You passively map a small area around you.
                  | [potion of mutation]
 44108 | D:13     | Gained mutation: You have large cloven feet. [potion of
                  | mutation]
 44108 | D:13     | Gained mutation: Your skin changes colour to match your
                  | surroundings (Stealth+). [potion of mutation]
 44412 | Lair:1   | Killed riellis1's ghost
 44579 | Lair:1   | Killed Firil's ghost
 44763 | Lair:1   | Found the +9 sword of Zonguldrok {reap}
 45387 | Lair:1   | Killed Qouresk's ghost
 47279 | Orc:2    | Bought a potion of attraction for 54 gold pieces
 47279 | Orc:2    | Bought a scroll of fog for 72 gold pieces
 47279 | Orc:2    | Bought a potion of mutation for 144 gold pieces
 47349 | Orc:2    | Bought a scroll of fear for 84 gold pieces
 47578 | Swamp:1  | Entered Level 1 of the Swamp
 48159 | Swamp:1  | Identified the +11 mace "Vepad" {antimagic, rC+ Dex+3}
 48199 | Swamp:1  | Found a transporter.
 48203 | Swamp:1  | Noticed a thorn hunter
 48204 | Swamp:1  | Noticed a tentacled monstrosity
 48215 | Swamp:1  | Found a transporter.
 48254 | Swamp:1  | Found a large runed translucent door.
 48256 | Swamp:1  | Found a large runed translucent door.
 48256 | Swamp:1  | Noticed CareLess's ghost (journeyman MiBe)
 48662 | Swamp:1  | Identified the +6 leather armour of the Untouchables {SInv}
 48679 | Swamp:1  | Slain by a spriggan rider

Illustrated notes

Levels and vault maps discovered:
D:1:      scummos_arrival_forest, layout_loops_corners, grunt_decor_cap,
          nicolae_shop_vocational
D:2:      layout_basic, basic_altar, serial_forest,
          infiniplex_forest_straight_2, infiniplex_forest_clump_tiny,
          infiniplex_forest_lined_3, infiniplex_forest_clump_large,
          infiniplex_forest_lined_room_, infiniplex_forest_end_double,
          infiniplex_forest_lined_ring, skrybe_limestone_x, uniq_robin
D:3:      layout_loops_corners, shapermc_ecumenical_altar_flowoftime,
          minmay_misc_feat_hallway, uniq_sigmund
D:4:      cheibrodos_thug_alley, layout_basic, nicolae_ru_path_of_blood,
          nicolae_underground_beach, uniq_eustachio
D:5:      cheibrodos_barr_body, layout_cave_pools, serial_shops,
          nicolae_shop_behind_doors
D:6:      layout_basic, minmay_temple_entry_glass, uniq_blork_the_orc
D:7:      layout_rooms, nzn_ghost_randoct, serial_shops, nicolae_take_the_stairs
D:8:      layout_loops_ring, erik_lair_dragon, special_room [special_room_orc],
          minmay_misc_feat_roman
D:9:      layout_rooms, orc_0_dummy, gammafunk_ghost_ooze, item_on_display_a,
          uniq_harold, uniq_erica
D:10:     layout_cave_pools
D:11:     layout_long_grid, portal_ice_cave_rime, uniq_nergalle
D:12:     minmay_the_grid_octo_tiled_squarecenter_mashed
          [minmay_the_grid_octo_horde, minmay_the_grid_octo_concentric,
          minmay_the_grid_octo_fat_diamond, minmay_the_grid_octo_teeth,
          minmay_the_grid_square_5x5_megaprize_checkered,
          minmay_the_grid_square_5x5_eight, minmay_the_grid_square_5x5_shrine2,
          minmay_the_grid_square_5x5_tetrominoes,
          minmay_the_grid_square_5x5_comb], layout_gridville, uniq_maurice,
          uniq_nessos, uniq_azrael
D:13:     layout_roguey, skrybe_vaults_entry_preservation,
          gammafunk_ghost_stat_death, minmay_misc_feat_square,
          nicolae_vehumet_radiance
D:14:     layout_rooms, gammafunk_ghost_hydra_chop, kennysheep_path_1,
          kennysheep_donut
D:15:     grunt_enter_depths_giant_problem, layout_irregular_city
Temple:   mainiacjoe_temple_archimedes_tessellation
Lair:1:   layout_layer_cave, gammafunk_ghost_cemetery,
          chequers_serial_rivers_marsh
Lair:2:   layout_roguey, swamp_mist, spider_nest_entry_rubble
Lair:3:   layout_chaotic_city, grunt_megastairs_3
Lair:4:   layout_concentric_octagons, slime_entry_2
Lair:5:   due_jungle_book, layout_gridlike, st_stairs_8, wad_woods_road_06,
          bh_autumn_forest_stairs
Swamp:1:  gammafunk_sealed_arena, layout_basic_swamp,
          ebering_ghost_disaster_area, evilmike_swamp_ruin_house_5
Orc:1:    layout_caves, serial_shops, nicolae_shop_waterfront
Orc:2:    grunt_orc_tribal_feast, layout_caves, gammafunk_ghost_cemetery,
          serial_shops, shop, shop
Elf:1:    minmay_elf_arrival_plus, layout_loops_corners,
          gammafunk_ghost_wrathful_warriors, hangedman_elf_represent,
          st_stairs_12, bh_hangedman_babel_library, uniq_louise

Skill      XL: |  1  2  3  4  5  6  7  8  9 10 11 12 13 14 15 16 |
---------------+-------------------------------------------------+-----
Short Blades   | 2 3 4 5 6 7 8 9 11 12 13 14 | 14.0
Dodging        | 3 4 5 6 7 8 9 10 11 12 13 | 13.3
Hexes          | 4 5 6 7 8 10 11 12 13 14 15 16 | 16.2
Spellcasting   | 3 4 5 6 7 8 9 10 11 12 | 12.4
Fighting       | 1 2 3 4 5 6 7 8 9 |  9.3
Stealth        | 5 6 7 8 9 10 11 12 14 15 | 15.8
Throwing       | 1 2 3 4 5 6 |  6.0
Shields        | 1 2 3 4 5 6 |  6.0
Air Magic      | 2 4 |  4.8
Conjurations   | 2 |  2.4
Evocations     | 6 8 |  8.2
Invocations    | 4 6 |  6.0
Poison Magic   | 2 |  2.3

Action                     |  1- 3 |  4- 6 |  7- 9 | 10-12 | 13-15 | 16-18 || total
---------------------------+-------+-------+-------+-------+-------+-------++-------
  Melee: Dagger            |   154 |    99 |   296 |   364 |   869 |   202 ||  1984
         Punch             |       |     2 |     4 |       |       |       ||     6
         Kick              |       |       |       |       |       |    24 ||    24
  Throw: Dart              |       |       |       |     5 |    19 |       ||    24
   Cast: Ensorcelled Hiber |    21 |    19 |    61 |   141 |   251 |    68 ||   561
         Tukima's Dance    |       |     3 |    27 |    13 |    59 |     5 ||   107
         Confusing Touch   |       |     2 |    11 |     7 |    23 |    15 ||    58
         Shock             |       |       |       |     7 |     2 |       ||     9
         Inner Flame       |       |       |       |     6 |     7 |       ||    13
         Airstrike         |       |       |       |       |   193 |    32 ||   225
  Evoke: Lightning rod     |       |       |       |       |     2 |       ||     2
         Wand              |       |       |       |       |       |    19 ||    19
    Use: Potion            |     1 |       |       |     1 |     7 |     4 ||    13
         Scroll            |       |     4 |    13 |    14 |     7 |     3 ||    41
   Stab: Sleeping          |    19 |    13 |    48 |   103 |   199 |    39 ||   421
         Confused          |       |     2 |    10 |     7 |    24 |    13 ||    56
         Distracted        |       |       |     2 |     3 |     8 |     1 ||    14
         Petrifying        |       |       |       |     1 |       |       ||     1
 Armour: Robe              |    24 |     5 |    17 |       |       |    11 ||    57
         Steam dragon scal |       |       |    16 |    28 |    74 |       ||   118
  Dodge: Dodged            |   151 |    76 |   201 |   243 |   780 |   175 ||  1626
  Block: Buckler           |       |       |    44 |    99 |   359 |    62 ||   564
